 Dungeon Crawl Stone Soup version 0.21.1-1-g345015fe64 (webtiles) character file.

2471 KingHarkinian the Ruffian (level 9, -19/138 HPs)
             Began as a Troll Monk on Apr 15, 2018.
             Demolished by a white ugly thing (32 damage)
             ... on level 8 of the Dungeon.
             The game lasted 00:40:32 (6775 turns).

KingHarkinian the Ruffian (Troll Monk)              Turns: 6775, Time: 00:40:33

Health: -19/138    AC: 24    Str: 24    XL:     9   Next: 26%
Magic:  8/8        EV:  1    Int:  6    God:
Gold:   336        SH:  0    Dex: 12    Spells: 8/8 levels left

rFire    . . .     SeeInvis .     - Unarmed
rCold    . . .     Gourm    +   (no shield)
rNeg     + + +     Faith    .   (armour currently unavailable)
rPois    +         Spirit   .   (helmet currently unavailable)
rElec    .         Reflect  .   (cloak currently unavailable)
rCorr    .         Harm     .   (gloves unavailable)
MR       .....     NoTele   +   (boots unavailable)
Stlth    ++........             k - amulet of magic regeneration
HPRegen  0.73/turn              (no ring)
MPRegen  0.36/turn              (no ring)

@: tree-form, hasted, very quick
A: large, unfitting armour, fast metabolism 3, gourmand, regeneration 1
a: no special abilities


You were on level 8 of the Dungeon.
You were completely stuffed.
You were a tree.
You visited 2 branches of the dungeon, and saw 9 of its levels.

You collected 336 gold pieces.


Innate Abilities, Weirdness & Mutations

You are too large for most types of armour.
((You have claws for hands.))
Your metabolism is lightning-fast.
You like to eat raw meat.
Your natural rate of healing is unusually fast.
((You are covered in fur. (AC +1)))
((You have very tough skin. (AC +2)))


   Skills:
 + Level 6.5 Fighting
 - Level 2.6 Maces & Flails
 + Level 6.5 Dodging
 - Level 1.1 Stealth
 + Level 7.1 Unarmed Combat


You had 8 spell levels left.
You didn't know any spells.

Inventory:

Hand Weapons
 a - a +1 mace
Missiles
 l - 181 stones
 D - a javelin (quivered)
Armour
 b - a +0 robe (melded)
 u - a +0 cloak (melded)
Jewellery
 k - an amulet of magic regeneration (around neck)
Scrolls
 d - 2 scrolls of enchant armour {unknown}
 g - a scroll of enchant weapon
 j - 5 scrolls of remove curse
 m - 2 scrolls of magic mapping
 p - a scroll of torment {unknown}
 r - 7 scrolls of teleportation {@r4}
 s - a scroll of noise {unknown}
 x - a scroll of fog {unknown}
 y - 2 scrolls of immolation {unknown}
 A - a scroll of blinking {unknown}
 B - a scroll of amnesia
Potions
 e - 2 potions of curing {@q1}
 f - a potion of heal wounds {unknown}
 h - 2 potions of agility
 i - 2 potions of degeneration {!q}
 n - a potion of lignification {!q}
 o - a potion of haste {@q3}
 q - 3 potions of flight
 t - a potion of invisibility
 w - a potion of magic
 z - 2 potions of ambrosia
 C - a potion of cancellation {unknown}
Books
 v - a book of Changes

   Spells                             Type                      Level
   a - Beastly Appendage              Transmutation                1
   b - Sticks to Snakes               Transmutation                2
   c - Spider Form                    Transmutation/Poison         3
   d - Ice Form                       Ice/Transmutation            4
   e - Blade Hands                    Transmutation                5
Comestibles
 c - 9 rations
 E - 3 chunks of flesh

Dungeon Overview and Level Annotations

Branches:
Dungeon (8/15)             Temple (1/1) D:7
   Lair: D:8-11

Altars:
Ashenzari
Cheibriados
Dithmenos
Elyvilon
Fedhas
Gozag
Hepliaklqana
Kikubaaqudgha
Nemelex Xobeh
Okawaru
Qazlal
Ru
Sif Muna
Trog
Uskayaw
Vehumet
Wu Jian
Xom
Yredelemnul
Zin
The Shining One

Annotations:
D:5 Prince Ribbit
D:6 Goboxel's ghost, novice DsMo

#..# ######..# #...##..#
#####...##..##
.............#
####...##.###.#
..###...........#
............########.###
..###.......#..|♣uggg...
#.......#.######>...
#....)....# .
##.####.### #.# #.# ..#
#)# #### #.# #.# #)#


You could see a white ugly thing and 3 gnolls.


Message History

* * * LOW HITPOINT WARNING * * *
The white ugly thing freezes you!!
* * * LOW HITPOINT WARNING * * *
You cannot move.
Quiver which item? (- for none, * to show all) (? for menu, Esc to quit)
That's the wrong kind of item! (Use * to select it.) Quiver which item? (- for none, * to show all) (? for menu, Esc to quit)
That's the wrong kind of item! (Use * to select it.) Quiver which item? (- for none, * to show all) (? for menu, Esc to quit)
That's the wrong kind of item! (Use * to select it.) Quiver which item? (- for none, * to show all) (? for menu, Esc to quit)
Okay, then.
Okay, then.
You cannot teleport because you are held in place by your roots.
You barely miss the white ugly thing.
The white ugly thing is heavily wounded.
The gnoll hits you but does no damage.
You barely miss the white ugly thing.
The white ugly thing is heavily wounded.
The white ugly thing gores you but does no damage.
You pummel the white ugly thing!!
The white ugly thing is almost dead.
The gnoll hits you but does no damage.
You barely miss the white ugly thing.
You punch the white ugly thing, but do no damage.
The white ugly thing is almost dead.
The white ugly thing gores you!
* * * LOW HITPOINT WARNING * * *
The white ugly thing freezes you!!
You die...

Action                   |  1- 3 |  4- 6 |  7- 9 || total
-------------------------+-------+-------+-------++-------
Melee: Unarmed           |    66 |    66 |   278 ||   410
       Punch             |     2 |     2 |     5 ||     9
Throw: Stone             |    37 |    26 |    92 ||   155
       Javelin           |    40 |    21 |    12 ||    73
       Tomahawk          |     3 |     5 |    31 ||    39
  Use: Scroll            |     8 |     1 |     6 ||    15
       Potion            |       |       |     3 ||     3
 Stab: Sleeping          |     2 |       |       ||     2
  Eat: Chunk             |    19 |    11 |    38 ||    68
Armor: Robe              |    17 |    16 |    51 ||    84
       Skin              |       |       |     3 ||     3
Dodge: Dodged            |    28 |    27 |   139 ||   194

Vault maps used:
D:1:      dpeg_arrival_chambers_temple_mockup
D:2:      kiku_gazebo_pond_becter
D:3:      grunt_decor_one_mirror
D:4:      kennysheep_big_flooded_room, first_ration, moated_statue
D:5:      fedhas_altar_1, grunt_ministairs_11, uniq_prince_ribbit1
D:6:      elyvilon_altar_1, nicolae_overflow_crystal_walls,
          minmay_misc_feat_roman
D:7:      marbit_many_paths, minmay_overflow_temple_star_quad,
          minmay_temple_entry_enclosed_plants, cheibriados_altar_1
D:8:      the_bakery, kennysheep_nub
Temple:   nicolae_temple_figure_eight

Notes
Turn   | Place    | Note
-------+----------+-------------------------------------------
     0 | D:1      | KingHarkinian the Troll Monk began the quest for the Orb.
     0 | D:1      | Reached XP level 1. HP: 22/22 MP: 0/0
   502 | D:1      | Reached XP level 2. HP: 29/29 MP: 1/1
   862 | D:2      | Reached skill level 1 in Unarmed Combat
  1152 | D:2      | Reached XP level 3. HP: 34/36 MP: 2/2
  1156 | D:2      | Found an ancient bone altar of Kikubaaqudgha.
  1464 | D:3      | Reached skill level 3 in Fighting
  1464 | D:3      | Reached skill level 3 in Dodging
  1464 | D:3      | Reached skill level 2 in Unarmed Combat
  1464 | D:3      | Reached XP level 4. HP: 43/45 MP: 3/3
  1518 | D:3      | Noticed Findor's ghost (amateur DsGl)
  2105 | D:4      | Reached XP level 5. HP: 53/53 MP: 4/4
  2139 | D:4      | Noticed a phantom
  2160 | D:4      | Killed a phantom
  2160 | D:4      | Reached skill level 3 in Unarmed Combat
  2224 | D:4      | Reached XP level 6. HP: 62/62 MP: 5/5
  2420 | D:4      | Reached skill level 4 in Fighting
  2420 | D:4      | Reached skill level 4 in Dodging
  2592 | D:4      | Noticed a sky beast
  2634 | D:4      | Killed a sky beast
  2634 | D:4      | Reached skill level 4 in Unarmed Combat
  2634 | D:4      | Reached XP level 7. HP: 54/71 MP: 6/6
  3275 | D:3      | Killed Findor's ghost
  3378 | D:5      | Entered Level 5 of the Dungeon
  3378 | D:5      | Noticed Prince Ribbit
  3586 | D:5      | Reached skill level 5 in Fighting
  3586 | D:5      | Reached skill level 5 in Dodging
  3586 | D:5      | Reached skill level 5 in Unarmed Combat
  3586 | D:5      | Reached XP level 8. HP: 71/80 MP: 7/7
  3606 | D:5      | Found a blossoming altar of Fedhas.
  4202 | D:6      | Noticed Goboxel's ghost (novice DsMo)
  4354 | D:6      | Found a deep blue altar of Sif Muna.
  4496 | D:6      | Reached skill level 6 in Unarmed Combat
  4588 | D:6      | Found a white marble altar of Elyvilon.
  5002 | D:7      | Found a basalt altar of Yredelemnul.
  5006 | D:7      | Found a stormy altar of Qazlal.
  5009 | D:7      | Found a snail-covered altar of Cheibriados.
  5133 | D:7      | Reached skill level 6 in Fighting
  5143 | D:7      | Found a snail-covered altar of Cheibriados.
  5147 | D:7      | Noticed a hippogriff
  5158 | D:7      | Killed a hippogriff
  5158 | D:7      | Reached skill level 6 in Dodging
  5158 | D:7      | Reached XP level 9. HP: 39/89 MP: 8/8
  5697 | D:7      | Found a glowing golden altar of the Shining One.
  5724 | D:7      | Found a staircase to the Ecumenical Temple.
  5731 | Temple   | Entered the Ecumenical Temple
  6576 | D:8      | Reached skill level 7 in Unarmed Combat
  6748 | D:8      | Noticed a white ugly thing
  6775 | D:8      | HP: 13/138 [white ugly thing (8)]
  6775 | D:8      | Demolished by a white ugly thing

Vanquished Creatures
  A hippogriff (D:7)
  The ghost of Findor the Cudgeler, an amateur DsGl (D:3)
  An orc warrior (D:8)
  3 phantoms
  2 sky beasts
  3 ogres
  A gnoll sergeant (D:8)
  2 scorpions
  A killer bee (D:7)
  A howler monkey (D:8)
  4 crimson imps
  2 bullfrog skeletons
  A centaur zombie (D:6)
  A jelly (D:7)
  A centaur skeleton (D:4)
  7 hounds
  5 orc priests
  6 worker ants
  5 orc wizards
  A hound skeleton (D:5)
  6 adders
  A gnoll (D:8)
  A shadow imp (D:5)
  An adder skeleton (D:6)
  5 worms
  4 dart slugs
  4 leopard geckos
  30 orcs
  2 ball pythons
  5 giant cockroaches
  4 hobgoblins
  3 jackals (D:5)
  A quokka (D:5)
  4 bats
  3 frilled lizards
  5 goblins
  A jackal skeleton (D:4)
  3 kobolds (D:3)
  7 rats
139 creatures vanquished.
